 Dungeon Crawl Stone Soup version 0.27-a0-1334-g2746e35aca (webtiles) character file.

Game seed: 9034712669778073947

22 funkygono the Gusty (level 2, -4/15 HPs)
             Began as a Tengu Air Elementalist on June 27, 2021.
             Slain by Jessica (5 damage)
             ... on level 2 of the Dungeon.
             The game lasted 00:02:28 (1002 turns).

funkygono the Gusty (Tengu Air Elementalist)        Turns: 1002, Time: 00:02:28

Health: -4/15      AC:  2    Str:  8    XL:     2   Next: 91%
Magic:  1/6        EV: 12    Int: 15    God:
Gold:   53         SH:  0    Dex: 14    Spells: 2/5 levels left

rFire    . . .     SeeInvis .   c - +0 whip
rCold    . . .     Faith    .   (no shield)
rNeg     . . .     Spirit   .   a - +0 robe
rPois    .         Reflect  .   (helmet restricted)
rElec    .         Harm     .   (no cloak)
rCorr    .         Rampage  .   (no gloves)
Will     .....                  (boots unavailable)
Stlth    ++........             (no amulet)
HPRegen  0.05/turn              (no ring)
MPRegen  0.10/turn              (no ring)

@: no status effects
A: beak, talons 3
a: no special abilities


You were on level 2 of the Dungeon.
You visited 1 branch of the dungeon, and saw 2 of its levels.

You collected 53 gold pieces.

Inventory:

Hand Weapons
 b - a +0 short sword
 c - a +0 whip (weapon)
 g - a +0 mace
Armour
 a - a +0 robe (worn)
Scrolls
 e - a scroll of fog {unknown}
Potions
 d - a potion of haste
 f - a potion of lignification {unknown}


   Skills:
 + Level 2.3 Dodging
 - Level 2.0 Stealth
 + Level 2.3 Spellcasting
 + Level 1.6 Conjurations
 + Level 4.8 Air Magic


You had 2 spell levels left.
You knew the following spells:

 Your Spells              Type           Power      Damage    Failure   Level
a - Shock                 Conj/Air       44%        1d5       6%          1
b - Static Discharge      Conj/Air       11%        N/A       9%          2

Your spell library contained the following spells:

 Spells                   Type           Power      Damage    Failure   Level
 Swiftness                Air            16%        N/A       9%          3
 Airstrike                Air            8%         N/A       30%         4
 Lightning Bolt           Conj/Air       5%         1d17      85%         5


Dungeon Overview and Level Annotations

Branches:
Dungeon (2/15)

Altars:

Shops:
D:1 (

Annotations:
D:2 Jessica


Innate Abilities, Weirdness & Mutations

You have a beak for a mouth.
You have claws for feet.


Message History

You miscast Shock.
You are very lightly contaminated with residual magic.
Nothing appears to happen.
Casting: Shock (safe; 6% risk of failure)
Confirm with . or Enter, or press ? or * to list all spells.
Okay, then.
Casting: Shock (safe; 6% risk of failure)
Confirm with . or Enter, or press ? or * to list all spells.
Jessica is struck by an arc of lightning.
Jessica is severely wounded.
You are struck by an arc of lightning.
The lightning grounds out.
Jessica gestures wildly while chanting.
Jessica blinks!
Casting: Static Discharge (safe; 9% risk of failure)
Confirm with . or Enter, or press ? or * to list all spells.
Aiming: Shock (safe; 6% risk of failure)
Press: ? - help, Shift-Dir - straight line, f/p - Jessica
Aim: Jessica, wielding a +0 club and wearing a +0 robe (severely wounded, 68% to hit)
The zap hits Jessica.
Jessica is almost dead.
Unknown command.
Casting: Shock (safe; 6% risk of failure)
Confirm with . or Enter, or press ? or * to list all spells.
You don't have enough magic to cast this spell.
Unknown command.
Unknown command.
Jessica points at you and mumbles some strange words.
Pain shoots through your body!
Ouch! That really hurt!
* * * LOW HITPOINT WARNING * * *
Jessica casts a spell.
Jessica blinks!
Your magical contamination has completely faded away.
You closely miss Jessica. Your kick misses Jessica.
Jessica is almost dead.
Jessica misses you.
You hit Jessica but do no damage. Your peck misses Jessica.
Jessica is almost dead.
Jessica hits you with a +0 club.
You die...

..........##..... .......
.................. ..>....
.................# .......
#.......(#.......# .......
#........#....<..# .......
.................####.......
............................
...................##.......
................@.....###.##
................@#.......
#...................####..
...........###.#..........
######....##.....#†#####..
#.####..(###...# .... .....
...... .##.#.##### #.##....
# #.# #. ..##..


You could see Jessica.

Vanquished Creatures
  A dart slug (D:1)
  3 ball pythons
  A bat (D:2)
  2 hobgoblins (D:1)
  4 jackals (D:1)
  2 kobolds (D:1)
  2 quokkas (D:2)
  A frilled lizard (D:2)
  A goblin (D:1)
  A rat (D:1)
18 creatures vanquished.

Notes
Turn   | Place    | Note
-------+----------+-------------------------------------------
     0 | D:1      | funkygono the Tengu Air Elementalist began the quest for
                  | the Orb.
     0 | D:1      | Reached XP level 1. HP: 10/10 MP: 4/4
   259 | D:1      | Found a faded altar of an unknown god.
   261 | D:1      | Reached XP level 2. HP: 15/15 MP: 4/6
   539 | D:1      | Learned a level 2 spell: Static Discharge
   660 | D:1      | Found Yxaesole's Antique Weapon Boutique.
   990 | D:2      | Noticed Jessica
  1002 | D:2      | Slain by Jessica

Illustrated notes

Levels and vault maps discovered:
D:1:      lightli_arrival_noodles, layout_rooms, ebering_ecumenical_altar_webs,
          serial_shops, nicolae_shop_trees, chequers_arboretum
D:2:      layout_rooms, uniq_jessica

Action                   || total
-------------------------++-------
Melee: Whip              ||    12
       Peck              ||     2
       Kick              ||     1
 Cast: Shock             ||    45
       Static Discharge  ||     1
  Use: Scroll            ||     2
Armor: Robe              ||     2
Dodge: Dodged            ||    26

Table legend: (Time is in decaauts)
 A = Elapsed time spent in this place.
 B = Non-inter-level travel time spent in this place.
 C = Inter-level travel time spent in this place.
 D = Time resting spent in this place.
 E = Time spent auto-exploring this place.
 F = Levels seen in this place.
 G = Mean time per level.
                   A        B        C        D        E       F      G
               +--------+--------+--------+--------+--------+-----+--------+
         Total |   1001 |    993 |      8 |    102 |    742 |   2 |  500.5 |
       Dungeon |   1001 |    993 |      8 |    102 |    742 |   2 |  500.5 |
               +--------+--------+--------+--------+--------+-----+--------+

Top non-repeatable levels by time:
     D:1: 848 daAuts
     D:2: 153 daAuts
